 Dungeon Crawl Stone Soup version 0.28.0-53-g5a82cb258f (webtiles) character file.

Game seed: 15159532117942126027

2638 MiltankisOP the Slicer (level 9, 0/42 HPs)
             Began as a Vine Stalker Brigand on June 19, 2022.
             Slain by a killer bee (1 damage)
             ... on level 6 of the Dungeon.
             The game lasted 00:22:36 (6917 turns).

MiltankisOP the Slicer (Vine Stalker Brigand)       Turns: 6917, Time: 00:22:36

Health: 0/42       AC: 13    Str: 21    XL:     9   Next: 61%
Magic:  0/16       EV: 11    Int: 11    God:
Gold:   372        SH:  0    Dex: 19    Spells: 16/16 levels left

rFire   . . .      SeeInvis .   m - +2 short sword (protect)
rCold   . . .      Faith    .   (no shield)
rNeg    . . .      Spirit   +   B - +0 steam dragon scales
rPois   .          Reflect  .   (no helmet)
rElec   .          Harm     .   c - +0 cloak
rCorr   .          Rampage  .   (no gloves)
Will    +....                   (no boots)
Stlth   +++.......              (no amulet)
HPRegen 0.94/turn               r - +6 ring of strength
MPRegen 0.15/turn               (no ring)

@: brilliant, lethally poisoned (0 -> -4), under a protective aura, flying
A: fangs 3, regeneration 1, magic shield, antimagic bite, no potion heal 2
a: no special abilities


You were on level 6 of the Dungeon.
You visited 1 branch of the dungeon, and saw 7 of its levels.
You also visited: Sewer.

You collected 372 gold pieces.

Inventory:

Hand Weapons
 a - a +2 dagger
 m - a +2 short sword of protection (weapon)
Missiles
 d - 22 poisoned darts (quivered)
 e - 3 curare-tipped darts
Armour
 b - a +0 robe
 c - a +0 cloak (worn)
 p - a +1 robe of fire resistance
 B - +0 steam dragon scales (worn)
Jewellery
 j - a ring of protection from fire
 l - a ring of protection from fire
 r - a +6 ring of strength (left hand)
 C - an amulet of faith
Wands
 t - a wand of charming (8)
 v - a wand of digging (5)
 w - a wand of flame (37)
Scrolls
 f - 2 scrolls of identify {unknown}
 n - 4 scrolls of teleportation
 q - a scroll of immolation {unknown}
 u - a scroll of fear {unknown}
 x - a scroll of blinking
 y - a scroll of enchant armour {unknown}
 z - a scroll of silence {unknown}
 D - a scroll of magic mapping {unknown}
Potions
 g - a potion of cancellation {unknown}
 h - 3 potions of brilliance
 i - a potion of berserk rage {unknown}
 k - 2 potions of flight
 o - a potion of might {unknown}
 s - a potion of heal wounds
 A - 2 potions of curing {unknown}


   Skills:
 - Level 1.7 Fighting
 - Level 10.5 Short Blades
 - Level 1.7 Throwing
 - Level 0.7 Dodging
 - Level 4.8 Stealth
 - Level 4.0 Spellcasting
 + Level 2.0 Conjurations
 + Level 2.1 Air Magic
 + Level 2.1 Poison Magic


You had 16 spell levels left.
You didn't know any spells.
Your spell library contained the following spells:

 Spells                   Type           Power      Damage    Failure   Level
 Magic Dart               Conj           40%        1d5       11%         1
 Animate Skeleton         Necr           6%         N/A       24%         1
 Pain                     Necr           12%        1d4       24%         1
 Mephitic Cloud           Conj/Pois/Air  10%        N/A       30%         3
 Call Imp                 Summ           3%         N/A       34%         2
 Vampiric Draining        Necr           3%         2d6       56%         3
 Petrify                  Tmut/Erth      3%         N/A       93%         4
 Metabolic Englaciation   Hex/Ice        1%         N/A       100%        5
 Statue Form              Tmut/Erth      2%         N/A       100%        6


Dungeon Overview and Level Annotations

Branches:
Dungeon (7/15)              Sewer (visited)
 Temple: D:4-7

Altars:
Makhleb
Okawaru
Trog
Uskayaw
Vehumet
The Shining One

Annotations:
D:3 1 runed translucent door, Crazy Yiuf
D:5 3 runed translucent doors, bnorton916's ghost, novice DEFE


Innate Abilities, Weirdness & Mutations

You have razor-sharp teeth.
Your natural rate of healing is unusually fast.
When hurt, damage is shared between your health and your magic reserves.
Your bite disrupts and absorbs the magic of your enemies.
Potions cannot restore your health.


Message History

The killer bee poisons you!
You climb upwards.
Reactivating autopickup.
You feel very sick.
There is a stone staircase leading down here.
You hit the killer bee.
Your weapon exudes an aura of protection.
Your bite misses the killer bee.
The killer bee is moderately wounded.
You feel sick.
The killer bee stings you but does no damage.
You completely miss the killer bee. Your bite misses the killer bee.
The killer bee is moderately wounded.
The killer bee stings you.
You are more poisoned.
The killer bee poisons you!
You hit the killer bee.
You bite the killer bee, but do no damage.
The killer bee is moderately wounded.
You feel sick. The killer bee stings you!
* * * LOW HITPOINT WARNING * * *
You are lethally poisoned!
The killer bee poisons you!
It was a potion of brilliance.
You feel clever all of a sudden.
* * * LOW HITPOINT WARNING * * *
You feel very sick. The killer bee stings you. x2
* * * LOW HITPOINT WARNING * * *
It was a potion of flight.
You feel very buoyant.
You fly up into the air.
* * * LOW HITPOINT WARNING * * *
You feel very sick.
The killer bee stings you but does no damage.
The killer bee closely misses you.
It was a potion of heal wounds.
That seemed strangely inert.
* * * LOW HITPOINT WARNING * * *
You feel very sick. The killer bee completely misses you.
The killer bee stings you.
You die...

.'.....# #....#.))..#
.#####'####..#...###.#
.............##..#.#.##
#........##......#....#
#........#...#...#.#..#
#......#.#...#...#.#..#
#.######.##..#.....#..#
#......#.#.......###..#
######.#.#######@.....#
#.#.......y.##...#
#[########...#..[# #.#
#.#.#...# #.# #.#.#...#
#.# #.#.#...# #.#
#.#.#...# #.#
####.....### ######.#
#....#.###


You could see a killer bee.

Vanquished Creatures
  Maggie (D:6)
  Sigmund (D:3)
  A water moccasin (D:6)
  4 black bears
  A sky beast (D:6)
  2 ogres
  2 ice beasts (D:6)
  2 phantoms
  A kobold brigand (D:6)
  4 bullfrogs
  2 scorpions
  A killer bee (D:6)
  A crimson imp (D:6)
  2 hounds
  2 jellies
  A bullfrog skeleton (D:6)
  4 iguanas
  An orc wizard (D:5)
  2 hound skeletons (D:4)
  3 gnolls (D:6)
  A howler monkey skeleton (D:6)
  A river rat (D:5)
  14 adders
  An ufetubus (D:3)
  2 worms
  19 orcs
  5 bats
  15 endoplasms
  12 giant cockroaches
  3 goblins
  12 hobgoblins
  12 kobolds
  16 quokkas
  13 ball pythons
  5 frilled lizards (Sewer)
  4 rats
173 creatures vanquished.

Notes
Turn   | Place    | Note
-------+----------+-------------------------------------------
     0 | D:1      | MiltankisOP the Vine Stalker Brigand began the quest for
                  | the Orb.
     0 | D:1      | Reached XP level 1. HP: 11/11 MP: 2/2
    58 | D:1      | Reached skill level 2 in Short Blades
   189 | D:1      | Reached XP level 2. HP: 15/15 MP: 3/3
  1118 | D:2      | Found a faded altar of an unknown god.
  1121 | D:2      | Reached skill level 3 in Short Blades
  1210 | D:2      | Reached XP level 3. HP: 18/18 MP: 4/4
  2365 | D:3      | Found a glowing golden altar of the Shining One.
  2408 | D:3      | Noticed Sigmund
  2563 | D:3      | Killed Sigmund
  2564 | D:3      | Reached skill level 5 in Short Blades
  2564 | D:3      | Gained mutation: Your natural rate of healing is unusually
                  | fast. [Vine Stalker growth]
  2564 | D:3      | Reached XP level 4. HP: 23/23 MP: 3/5
  2564 | D:3      | Reached XP level 5. HP: 26/26 MP: 3/6
  2801 | D:3      | Found a runed translucent door.
  2802 | D:3      | Found the +8 whip "Snakebite" {venom, curare, rPois}
  2804 | D:3      | Noticed Crazy Yiuf
  2877 | D:3      | Reached XP level 6. HP: 15/30 MP: 5/7
  3041 | D:4      | Noticed a black bear
  3050 | D:3      | Reached skill level 6 in Short Blades
  3324 | D:4      | Killed a black bear
  3325 | D:4      | Reached XP level 7. HP: 10/34 MP: 2/8
  3499 | D:4      | Reached skill level 7 in Short Blades
  3681 | D:4      | Found a bloodstained altar of Trog.
  3993 | D:5      | Entered Level 5 of the Dungeon
  4478 | D:5      | Reached skill level 8 in Short Blades
  4548 | D:5      | Found a glowing drain.
  4552 | Sewer    | Entered a sewer
  4789 | Sewer    | Gained mutation: You have razor-sharp teeth. [Vine Stalker
                  | growth]
  4789 | Sewer    | Reached XP level 8. HP: 38/38 MP: 9/9
  5080 | D:5      | Reached skill level 9 in Short Blades
  5099 | D:5      | Found an iron altar of Okawaru.
  5205 | D:5      | Found a runed translucent gate.
  5205 | D:5      | Found a runed translucent gate.
  5205 | D:5      | Found a runed translucent gate.
  5210 | D:5      | Noticed bnorton916's ghost (novice DEFE)
  5614 | D:6      | Noticed Maggie
  5623 | D:6      | Killed Maggie
  5624 | D:6      | Reached skill level 10 in Short Blades
  5624 | D:6      | Reached XP level 9. HP: 39/42 MP: 10/10
  5669 | D:6      | Reached skill level 1 in Spellcasting
  6029 | D:6      | Reached skill level 1 in Air Magic
  6334 | D:6      | Found a burning altar of Makhleb.
  6352 | D:6      | Reached skill level 1 in Conjurations
  6352 | D:6      | Reached skill level 1 in Poison Magic
  6813 | D:7      | Found a hide-covered altar of Uskayaw.
  6821 | D:7      | Found a radiant altar of Vehumet.
  6917 | D:6      | HP: 1/42 [poisoned by a killer bee]
  6917 | D:6      | Slain by a killer bee

Illustrated notes

Levels and vault maps discovered:
D:1:      heliophobic_arrival_dark_side_of_the_moon, layout_basic
D:2:      layout_basic, ebering_ecumenical_altar_mist
D:3:      layout_loops_ring, mainiacjoe_overflow_alcove_4,
          minmay_fractal_squares_gapless_5, uniq_crazy_yiuf_cottage,
          uniq_sigmund
D:4:      layout_loops_corners, kennysheep_little_box
D:5:      layout_loops_ring, okawaru_altar_gauntlet_db,
          gammafunk_ghost_necromancy, gup_sewer_entry_spiral, minmay_hedge_maze
D:6:      layout_basic, makhleb_grotto_becter, uniq_maggie
D:7:      layout_basic, jmf_multi_god_temple, minmay_temple_entry_junction_2

Skill      XL: |  1  2  3  4  5  6  7  8  9 |
---------------+----------------------------+-----
Short Blades   | 2 3 5 6 8 10 | 10.5
Spellcasting   | 4 |  4.0
Air Magic      | 2 |  2.1
Conjurations   | 2 |  2.0
Poison Magic   | 2 |  2.1
Fighting       | |  1.7
Throwing       | |  1.7
Dodging        | |  0.7
Stealth        | |  4.8

Action                   |  1- 3 |  4- 6 |  7- 9 || total
-------------------------+-------+-------+-------++-------
Melee: Dagger            |    62 |       |       ||    62
       Bite              |    21 |    22 |   105 ||   148
       Punch             |     1 |     1 |     3 ||     5
       Short sword       |    36 |    62 |   411 ||   509
Throw: Dart              |       |    10 |    18 ||    28
  Use: Scroll            |       |       |     3 ||     3
       Potion            |       |       |     3 ||     3
 Stab: Sleeping          |     9 |     2 |    16 ||    27
       Distracted        |     1 |     1 |       ||     2
Armor: Robe              |    17 |    18 |   106 ||   141
       Steam dragon scal |       |       |    40 ||    40
Dodge: Dodged            |    46 |    41 |   172 ||   259
